Lightning vs Bruins
Created - April 14, 2018 at 18:59
Goals
|
Lightning |
0 |
0 |
1 |
0 |
1 |
Bruins |
0 |
1 |
0 |
1 |
2 |
|
Shots
|
Lightning |
3 |
10 |
12 |
2 |
27 |
Bruins |
9 |
12 |
10 |
1 |
32 |
|
1st period
No Goal
Penalties :
Kris Versteeg (TB.) for Diving (Minor) at 11:26, Kris Chucko (Bos) for Hooking (Minor) at 19:26
2nd period
1. Bruins , Henrik Sedin 36 (Wojtek Wolski 51) at 4:40
Penalties :
Jason Demers (Bos) for Roughing (Minor) at 5:10, Henrik Zetterberg (TB.) for Holding Stick (Minor) at 5:27, Daniel Carcillo (TB.) for Slashing (Double Minor) at 15:08
3rd period
2. Lightning , Pierre-Marc Bouchard 20 (Kris Versteeg 38, Henrik Zetterberg 65) at 10:47
Penalties :
Henrik Zetterberg (TB.) for Hooking (Minor) at 1:08, Nathan Horton (Bos) for Hooking (Minor) at 4:05, Henrik Zetterberg (TB.) for Interference (Minor) at 8:27, Jordan Nolan (TB.) for Hooking (Minor) at 11:33, Dave Bolland (Bos) for High sticking (Minor) at 16:57
Overtime #1
3. Bruins , Henrik Sedin 37 (Wojtek Wolski 52) at 2:34
Penalties :
No Penalty
Goalie Stats
Jaroslav Halak (TB.), 30 saves from 32 shots - (0.938), OTL, 28-30-9, 62:34 minutes
Kevin Poulin (Bos), 26 saves from 27 shots - (0.963), W, 22-24-6, 62:34 minutes
Players Stats for Lightning
Player Name G A P +/- PIM S H SB GA TA FO MP PP MP PK MP
------------------------------------------------------------------------------------
Andy Rogers 0 0 0 0 0 0 1 1 0 1 0/0 20:43 2:15 5:14
Brent Burns 0 0 0 -1 0 3 1 1 0 2 0/0 27:13 3:59 6:45
Daniel Carcillo 0 0 0 0 4 1 1 1 1 1 0/0 17:58 2:22 1:57
Davis Drewiske 0 0 0 0 0 0 0 0 0 0 0/0 3:20 0:00 0:13
Henrik Zetterberg 0 1 1 -1 6 5 3 0 1 0 3/6 23:24 3:51 3:32
Jeff Schultz 0 0 0 -1 0 0 6 1 0 1 0/0 30:20 3:59 6:45
John Carlson 0 0 0 0 0 3 1 1 2 1 0/0 20:43 2:15 5:14
Jordan Nolan 0 0 0 0 2 3 0 0 0 0 3/8 15:12 0:00 2:40
Justin Schultz 0 0 0 0 0 0 0 2 0 0 0/0 11:31 0:00 0:13
Kris Versteeg 0 1 1 0 2 5 4 1 0 0 0/1 18:53 3:52 2:17
Loui Eriksson 0 0 0 0 0 2 2 0 0 0 0/0 13:10 0:00 1:01
Pierre-Luc Létourneau 0 0 0 0 0 0 0 0 0 0 0/0 5:29 0:00 0:00
Pierre-Marc Bouchard 1 0 1 1 0 2 1 1 1 0 4/10 18:46 2:22 3:09
Reilly Smith 0 0 0 0 0 0 0 0 1 0 0/0 5:48 0:00 0:00
Robert Nilsson 0 0 0 -2 0 2 0 0 1 0 9/27 24:05 3:52 6:10
Sheldon Keefe 0 0 0 0 0 0 4 0 0 1 3/3 14:05 0:00 3:38
Steve Bernier 0 0 0 0 0 0 1 0 0 0 0/0 14:18 2:22 0:00
Steve McCarthy 0 0 0 0 0 1 1 2 0 1 0/0 11:18 0:00 0:00
Players Stats for Bruins
Player Name G A P +/- PIM S H SB GA TA FO MP PP MP PK MP
------------------------------------------------------------------------------------
Andrew Alberts 0 0 0 2 0 2 1 1 1 2 0/0 22:14 4:42 1:57
Cam Fowler 0 0 0 2 0 1 0 1 0 0 0/0 17:10 0:00 0:48
Dave Bolland 0 0 0 0 2 2 1 0 0 0 3/8 16:46 5:13 0:20
Henrik Sedin 2 0 2 2 0 7 2 0 1 0 21/34 23:58 6:18 4:03
Jason Demers 0 0 0 -1 2 4 2 1 0 2 0/0 28:38 7:30 3:29
Kevin Bieksa 0 0 0 -1 0 0 3 0 1 0 0/0 16:37 7:13 0:00
Kris Chucko 0 0 0 -1 2 4 1 0 0 0 0/0 12:51 0:33 0:30
Mike Fisher 0 0 0 -1 0 0 1 0 1 0 4/4 10:06 0:10 0:00
Nate Prosser 0 0 0 0 0 0 0 1 0 0 0/0 13:11 0:39 1:57
Nathan Horton 0 0 0 1 2 1 4 0 0 1 2/3 19:56 6:09 1:00
Nick Foligno 0 0 0 0 0 1 0 0 0 0 0/0 6:45 0:00 0:09
Nikolai Zherdev 0 0 0 0 0 2 1 0 0 0 0/0 8:23 0:33 0:51
Rene Bourque 0 0 0 -1 0 2 2 0 0 1 0/0 10:47 0:40 0:00
Shane O'Brien 0 0 0 0 0 1 2 3 0 1 0/0 27:44 4:37 4:17
Victor Oreskovich 0 0 0 0 0 0 1 1 1 0 0/0 18:29 5:04 1:32
Viktor Stalberg 0 0 0 0 0 0 1 0 1 0 1/1 17:57 5:13 0:00
Wojtek Wolski 0 2 2 2 0 3 2 0 2 0 0/2 24:08 6:26 4:03
Zack Hamill 0 0 0 0 0 2 0 0 0 0 2/3 6:36 0:00 0:00
3 Stars
1 - Henrik Sedin (Bos)
2 - Wojtek Wolski (Bos)
3 - Kevin Poulin (Bos)
Power Play
Lightning - 0 on 4 Attempt(s) - 0.00%
Bruins - 0 on 7 Attempt(s) - 0.00%
Penalty Kill
Lightning - 7 on 7 Attempt(s) - 100.00%
- Score 0 goal in Penalty Kill
Bruins - 4 on 4 Attempt(s) - 100.00%
- Score 0 goal in Penalty Kill
Team Stat
Lightning - Hits : 26 - Faceoff Wins : 22 - Blocked Shots : 11 - Penalty Minutes : 14
Bruins - Hits : 24 - Faceoff Wins : 33 - Blocked Shots : 8 - Penalty Minutes : 8
Official
Referees : Jackson Dave and Walkom Stephen
Linesman : Steve Miller and Jean Morin
Game Notes
No Game Note
Finance
Level 1 -- Attendance: 4162 (69.37%) -- Ticket Income $432,848
Level 2 -- Attendance: 3520 (70.40%) -- Ticket Income $225,280
Level 3 -- Attendance: 1964 (98.20%) -- Ticket Income $66,776
Level 4 -- Attendance: 3353 (83.83%) -- Ticket Income $80,472
Luxury Box -- Attendance: 648 (64.80%) -- Ticket Income $125,712
Game was played at the TD Banknorth Garden.
Total Attendance: 13647 (75.82%)
Total Ticket Income: $931,088
Other Income: $139,663
Total Income: $1,070,751
Lightning
5 vs 5 Forward
Center Left Wing Right Wing Time % Phy DF OF
1 Robert Nilsson Henrik Zetterberg Kris Versteeg 40 1 2 2
2 Pierre-Marc Bouchard Daniel Carcillo Steve Bernier 30 1 2 2
3 Jordan Nolan Loui Eriksson Sheldon Keefe 20 1 2 2
4 Henrik Zetterberg Pierre-Luc Létourneau Reilly Smith 10 1 2 2
5 vs 5 Defense
Defense Defense Time % Phy DF OF
1 Jeff Schultz Brent Burns 40 1 2 2
2 John Carlson Andy Rogers 30 1 2 2
3 Steve McCarthy Justin Schultz 20 1 2 2
4 Davis Drewiske Jeff Schultz 10 1 2 2
PowerPlay Forward
Center Left Wing Right Wing Time % Phy DF OF
1 Robert Nilsson Henrik Zetterberg Kris Versteeg 60 1 2 2
2 Pierre-Marc Bouchard Daniel Carcillo Steve Bernier 40 1 2 2
PowerPlay Defense
Defense Defense Time % Phy DF OF
1 Jeff Schultz Brent Burns 60 1 2 2
2 John Carlson Andy Rogers 40 1 2 2
Penalty Kill 4 Players Forward
Center Wing Time % Phy DF OF
1 Henrik Zetterberg Robert Nilsson 60 1 2 2
2 Kris Versteeg Pierre-Marc Bouchard 40 1 2 2
Penalty Kill 4 Players Defense
Defense Defense Time % Phy DF OF
1 Jeff Schultz Brent Burns 60 1 2 2
2 John Carlson Andy Rogers 40 1 2 2
Penalty Kill - 3 Players Forward
Forward Time % Phy DF OF
1 Henrik Zetterberg 60 1 2 2
2 Robert Nilsson 40 1 2 2
Penalty Kill - 3 Players Defense
Defense Defense Time % Phy DF OF
1 Jeff Schultz Brent Burns 60 1 2 2
2 John Carlson Andy Rogers 40 1 2 2
4 vs 4 Forward
Center Wing Time % Phy DF OF
1 Henrik Zetterberg Robert Nilsson 60 1 2 2
2 Kris Versteeg Pierre-Marc Bouchard 40 1 2 2
4 vs 4 Defense
Defense Defense Time % Phy DF OF
1 Jeff Schultz Brent Burns 60 1 2 2
2 John Carlson Andy Rogers 40 1 2 2
Last Minutes Offensive
Center Left Wing Right Wing Defense Defense
Robert Nilsson Henrik Zetterberg Kris Versteeg Jeff Schultz Brent Burns
Last Minutes Defensive
Center Left Wing Right Wing Defense Defense
Robert Nilsson Henrik Zetterberg Kris Versteeg Jeff Schultz Brent Burns
Goaltenders
Starting : Jaroslav Halak
Backup : Adam Munro
Extra Forwards
Normal : Jordan Nolan, Loui Eriksson, Sheldon Keefe - PP : Jordan Nolan, Loui Eriksson - PK : Sheldon Keefe
Extra Defensemen
Normal : Steve McCarthy, Justin Schultz, Davis Drewiske - PP : Steve McCarthy - PK : Justin Schultz, Davis Drewiske
Penalty Shots
Henrik Zetterberg, Robert Nilsson, Kris Versteeg, Pierre-Marc Bouchard, Jordan Nolan
Scratches
Danny Richmond (Lacerated Left Calf Injury), Mikael Backlund (Abdominal Strain Injury)
Bruins
5 vs 5 Forward
Center Left Wing Right Wing Time % Phy DF OF
1 Henrik Sedin Wojtek Wolski Nathan Horton 40 1 2 2
2 Dave Bolland Viktor Stalberg Victor Oreskovich 30 1 2 2
3 Mike Fisher Kris Chucko Rene Bourque 20 1 2 2
4 Zack Hamill Nick Foligno Nikolai Zherdev 10 1 2 2
5 vs 5 Defense
Defense Defense Time % Phy DF OF
1 Jason Demers Shane O'Brien 40 1 2 2
2 Andrew Alberts Cam Fowler 30 1 2 2
3 Nate Prosser Kevin Bieksa 20 1 2 2
4 Jason Demers Shane O'Brien 10 1 2 2
PowerPlay Forward
Center Left Wing Right Wing Time % Phy DF OF
1 Henrik Sedin Wojtek Wolski Nathan Horton 60 1 2 2
2 Dave Bolland Viktor Stalberg Victor Oreskovich 40 1 2 2
PowerPlay Defense
Defense Defense Time % Phy DF OF
1 Jason Demers Kevin Bieksa 60 1 2 2
2 Andrew Alberts Shane O'Brien 40 1 2 2
Penalty Kill 4 Players Forward
Center Wing Time % Phy DF OF
1 Henrik Sedin Wojtek Wolski 60 1 2 2
2 Nathan Horton Victor Oreskovich 40 1 2 2
Penalty Kill 4 Players Defense
Defense Defense Time % Phy DF OF
1 Jason Demers Shane O'Brien 60 1 2 2
2 Andrew Alberts Nate Prosser 40 1 2 2
Penalty Kill - 3 Players Forward
Forward Time % Phy DF OF
1 Wojtek Wolski 60 1 2 2
2 Henrik Sedin 40 1 2 2
Penalty Kill - 3 Players Defense
Defense Defense Time % Phy DF OF
1 Jason Demers Shane O'Brien 60 1 2 2
2 Andrew Alberts Nate Prosser 40 1 2 2
4 vs 4 Forward
Center Wing Time % Phy DF OF
1 Henrik Sedin Wojtek Wolski 60 1 2 2
2 Nathan Horton Victor Oreskovich 40 1 2 2
4 vs 4 Defense
Defense Defense Time % Phy DF OF
1 Jason Demers Shane O'Brien 60 1 2 2
2 Andrew Alberts Cam Fowler 40 1 2 2
Last Minutes Offensive
Center Left Wing Right Wing Defense Defense
Henrik Sedin Wojtek Wolski Nathan Horton Jason Demers Kevin Bieksa
Last Minutes Defensive
Center Left Wing Right Wing Defense Defense
Henrik Sedin Wojtek Wolski Nathan Horton Jason Demers Shane O'Brien
Goaltenders
Starting : Kevin Poulin
Backup : Craig Anderson
Extra Forwards
Normal : Viktor Stalberg, Wojtek Wolski, Nathan Horton - PP : Rene Bourque, Dave Bolland - PK : Nikolai Zherdev
Extra Defensemen
Normal : Nate Prosser, Cam Fowler, Andrew Alberts - PP : Nate Prosser - PK : Cam Fowler, Andrew Alberts
Penalty Shots
Nathan Horton, Viktor Stalberg, Wojtek Wolski, Nikolai Zherdev, Rene Bourque
Scratches
None
% Time on Ice - Lightning
Lines # - Real PCT - Wanted PCT - Time Play
Normal Forward
1 - 32% - 40% - 12:41
2 - 31% - 30% - 12:28
3 - 23% - 20% - 9:17
4 - 14% - 10% - 5:26
Normal Defense
1 - 36% - 40% - 14:18
2 - 29% - 30% - 11:36
3 - 27% - 20% - 10:51
4 - 8% - 10% - 3:07
PP Forward
1 - 62% - 60% - 3:52
2 - 38% - 40% - 2:22
PP Defense
1 - 64% - 60% - 3:59
2 - 36% - 40% - 2:15
PK Forward
1 - 76% - 60% - 9:18
2 - 24% - 40% - 2:54
PK Defense
1 - 57% - 60% - 6:58
2 - 43% - 40% - 5:14
PK3 Forward
1 - 0% - 60%
2 - 0% - 40%
PK3 Defense
1 - 0% - 60%
2 - 0% - 40%
44 Forward
1 - 90% - 60% - 3:51
2 - 10% - 40% - 0:25
44 Defense
1 - 62% - 60% - 2:38
2 - 38% - 40% - 1:38
Last Minute Offensive - 0:00
Last Minute Defensive - 0:00
Total
Forward - 62:34
Defense - 62:34
|
% Time on Ice - Bruins
Lines # - Real PCT - Wanted PCT - Time Play
Normal Forward
1 - 31% - 40% - 12:17
2 - 28% - 30% - 11:03
3 - 25% - 20% - 9:56
4 - 17% - 10% - 6:36
Normal Defense
1 - 40% - 40% - 15:52
2 - 34% - 30% - 13:24
3 - 21% - 20% - 8:31
4 - 5% - 10% - 2:05
PP Forward
1 - 57% - 60% - 6:59
2 - 43% - 40% - 5:13
PP Defense
1 - 61% - 60% - 7:30
2 - 39% - 40% - 4:42
PK Forward
1 - 75% - 60% - 4:42
2 - 25% - 40% - 1:32
PK Defense
1 - 69% - 60% - 4:17
2 - 31% - 40% - 1:57
PK3 Forward
1 - 0% - 60%
2 - 0% - 40%
PK3 Defense
1 - 0% - 60%
2 - 0% - 40%
44 Forward
1 - 80% - 60% - 3:26
2 - 20% - 40% - 0:50
44 Defense
1 - 59% - 60% - 2:30
2 - 41% - 40% - 1:46
Last Minute Offensive - 0:00
Last Minute Defensive - 0:00
Total
Forward - 62:34
Defense - 62:34
|
Play by Play
1st period
0:01 of 1st period - Henrik Sedin wins face-off versus Robert Nilsson in neutral zone.
0:04 of 1st period - Snap shot by Henrik Sedin.
0:04 of 1st period - Stopped by Jaroslav Halak with a rebound.
1:08 of 1st period - Reilly Smith is hit by Andrew Alberts and loses puck.
1:33 of 1st period - Wrist shot by Wojtek Wolski.
1:33 of 1st period - Shot Blocked by Steve McCarthy.
1:35 of 1st period - Slapshot by Jason Demers.
1:35 of 1st period - Shot Misses the Net.
1:37 of 1st period - Slapshot by Shane O'Brien.
1:37 of 1st period - Shot Blocked by Kris Versteeg.
1:39 of 1st period - Backhand shot by Henrik Sedin.
1:39 of 1st period - Shot Misses the Net.
2:10 of 1st period - Andy Rogers is hit by Kevin Bieksa and loses puck.
2:17 of 1st period - Wrist shot by Kris Chucko.
2:17 of 1st period - Stopped by Jaroslav Halak with a rebound.
2:19 of 1st period - Slapshot by Jason Demers.
2:19 of 1st period - Deflect By Kris Chucko.
2:19 of 1st period - Stopped by Jaroslav Halak without a rebound.
2:20 of 1st period - Pierre-Marc Bouchard wins face-off versus Henrik Sedin in Lightning zone.
2:45 of 1st period - Wrist shot by Victor Oreskovich.
2:45 of 1st period - Shot Misses the Net.
2:47 of 1st period - Slapshot by Jason Demers.
2:47 of 1st period - Shot Misses the Net.
2:49 of 1st period - Slapshot by Shane O'Brien.
2:49 of 1st period - Shot Misses the Net.
2:51 of 1st period - Slapshot by Jason Demers.
2:51 of 1st period - Stopped by Jaroslav Halak with a rebound.
2:53 of 1st period - Slapshot by Jason Demers.
2:53 of 1st period - Stopped by Jaroslav Halak without a rebound.
2:54 of 1st period - Henrik Sedin wins face-off versus Robert Nilsson in Lightning zone.
2:57 of 1st period - Snap shot by Wojtek Wolski.
2:57 of 1st period - Shot Blocked by Andy Rogers.
3:07 of 1st period - Snap shot by Kris Versteeg.
3:07 of 1st period - Stopped by Kevin Poulin with a rebound.
3:25 of 1st period - Off-side.
3:26 of 1st period - Dave Bolland wins face-off versus Pierre-Marc Bouchard in neutral zone.
4:19 of 1st period - Snap shot by Viktor Stalberg.
4:19 of 1st period - Shot Blocked by Steve McCarthy.
5:05 of 1st period - Snap shot by Victor Oreskovich.
5:05 of 1st period - Shot Blocked by Justin Schultz.
5:13 of 1st period - Snap shot by Dave Bolland.
5:13 of 1st period - Stopped by Jaroslav Halak without a rebound.
5:14 of 1st period - Robert Nilsson wins face-off versus Henrik Sedin in Lightning zone.
6:31 of 1st period - Loui Eriksson is hit by Wojtek Wolski and loses puck.
7:19 of 1st period - John Carlson is hit by Kevin Bieksa.
7:31 of 1st period - Kris Chucko is hit by Sheldon Keefe and loses puck.
8:06 of 1st period - Nathan Horton is hit by Kris Versteeg and loses puck.
9:01 of 1st period - Dave Bolland is hit by Pierre-Marc Bouchard and loses puck.
9:26 of 1st period - Jordan Nolan is hit by Mike Fisher and loses puck.
9:46 of 1st period - Icing by Andrew Alberts.
9:47 of 1st period - Robert Nilsson wins face-off versus Dave Bolland in Bruins zone.
10:41 of 1st period - Wrist shot by Kris Chucko.
10:41 of 1st period - Stopped by Jaroslav Halak without a rebound.
10:42 of 1st period - Jordan Nolan wins face-off versus Dave Bolland in Lightning zone.
10:42 of 1st period - Jordan Nolan is hit by Viktor Stalberg.
11:26 of 1st period - Minor Penalty to Kris Versteeg for Diving.
11:27 of 1st period - Henrik Sedin wins face-off versus Henrik Zetterberg in Lightning zone.
13:26 of 1st period - Penalty to Kris Versteeg is over, Kris Versteeg is back on ice.
13:59 of 1st period - Slapshot by Zack Hamill.
13:59 of 1st period - Shot Misses the Net.
14:03 of 1st period - Snap shot by Nick Foligno.
14:03 of 1st period - Stopped by Jaroslav Halak with a rebound.
14:25 of 1st period - Slapshot by John Carlson.
14:25 of 1st period - Shot Misses the Net.
14:43 of 1st period - Kris Versteeg is hit by Kris Chucko and loses puck.
16:23 of 1st period - Kevin Bieksa is hit by Kris Versteeg and loses puck.
17:08 of 1st period - Nikolai Zherdev is hit by Loui Eriksson and loses puck.
17:53 of 1st period - Slapshot by John Carlson.
17:53 of 1st period - Stopped by Kevin Poulin without a rebound.
17:54 of 1st period - Nathan Horton wins face-off versus Pierre-Marc Bouchard in Bruins zone.
18:01 of 1st period - Brent Burns is hit by Nathan Horton and loses puck.
18:07 of 1st period - Icing by Brent Burns.
18:08 of 1st period - Henrik Sedin wins face-off versus Pierre-Marc Bouchard in Lightning zone.
18:11 of 1st period - Snap shot by Henrik Sedin.
18:11 of 1st period - Shot Hit the Post.
18:17 of 1st period - Wojtek Wolski is hit by Jeff Schultz and loses puck.
18:24 of 1st period - Backhand shot by Pierre-Marc Bouchard.
18:24 of 1st period - Deflect By Steve Bernier.
18:24 of 1st period - Shot Blocked by Nate Prosser.
18:24 of 1st period - Puck is out of play.
18:25 of 1st period - Robert Nilsson wins face-off versus Dave Bolland in Bruins zone.
18:36 of 1st period - Slapshot by Robert Nilsson.
18:36 of 1st period - Stopped by Kevin Poulin with a rebound.
18:56 of 1st period - Wrist shot by Wojtek Wolski.
18:56 of 1st period - Shot Blocked by Daniel Carcillo.
19:17 of 1st period - Wrist shot by Shane O'Brien.
19:17 of 1st period - Stopped by Jaroslav Halak without a rebound.
19:18 of 1st period - Mike Fisher wins face-off versus Jordan Nolan in Lightning zone.
19:19 of 1st period - Wrist shot by Rene Bourque.
19:19 of 1st period - Shot Misses the Net.
19:26 of 1st period - Minor Penalty to Kris Chucko for Hooking.
19:27 of 1st period - Henrik Sedin wins face-off versus Robert Nilsson in Bruins zone.
19:27 of 1st period - Henrik Sedin is hit by Henrik Zetterberg.
Goals for this period are 0 for Lightning vs 0 for Bruins.
Shots for this period are 3 for Lightning vs 9 for Bruins.
2nd period
0:01 of 2nd period - Henrik Sedin wins face-off versus Kris Versteeg in neutral zone.
0:16 of 2nd period - Jason Demers is hit by Kris Versteeg and loses puck.
1:26 of 2nd period - Penalty to Kris Chucko is over, Kris Chucko is back on ice.
1:44 of 2nd period - Loui Eriksson is hit by Shane O'Brien.
2:00 of 2nd period - Wrist shot by Henrik Zetterberg.
2:00 of 2nd period - Stopped by Kevin Poulin with a rebound.
3:08 of 2nd period - Snap shot by Wojtek Wolski.
3:08 of 2nd period - Stopped by Jaroslav Halak with a rebound.
3:45 of 2nd period - Victor Oreskovich is hit by Jeff Schultz.
3:55 of 2nd period - Steve Bernier is hit by Nathan Horton and loses puck.
4:14 of 2nd period - Nikolai Zherdev is hit by Henrik Zetterberg and loses puck.
4:25 of 2nd period - Jordan Nolan is hit by Dave Bolland and loses puck.
4:32 of 2nd period - Snap shot by Victor Oreskovich.
4:32 of 2nd period - Deflect By Dave Bolland.
4:32 of 2nd period - Stopped by Jaroslav Halak without a rebound.
4:33 of 2nd period - Henrik Sedin wins face-off versus Robert Nilsson in Lightning zone.
4:36 of 2nd period - Snap shot by Wojtek Wolski.
4:36 of 2nd period - Stopped by Jaroslav Halak without a rebound.
4:37 of 2nd period - Henrik Sedin wins face-off versus Robert Nilsson in Lightning zone.
4:40 of 2nd period - Snap shot by Henrik Sedin.
4:40 of 2nd period - Goal by Henrik Sedin - Lightning : 0 - Bruins : 1.
4:41 of 2nd period - Henrik Sedin wins face-off versus Robert Nilsson in neutral zone.
4:46 of 2nd period - Snap shot by Henrik Sedin.
4:46 of 2nd period - Stopped by Jaroslav Halak with a rebound.
5:10 of 2nd period - Minor Penalty to Jason Demers for Roughing.
5:11 of 2nd period - Henrik Sedin wins face-off versus Robert Nilsson in Bruins zone.
5:21 of 2nd period - Snap shot by Henrik Sedin.
5:21 of 2nd period - Shot Blocked by Brent Burns.
5:23 of 2nd period - Snap shot by Wojtek Wolski.
5:23 of 2nd period - Deflect By Henrik Sedin.
5:23 of 2nd period - Shot Misses the Net.
5:23 of 2nd period - Puck is out of play.
5:24 of 2nd period - Henrik Sedin wins face-off versus Robert Nilsson in Lightning zone.
5:25 of 2nd period - Snap shot by Wojtek Wolski.
5:25 of 2nd period - Stopped by Jaroslav Halak with a rebound.
5:27 of 2nd period - Minor Penalty to Henrik Zetterberg for Holding Stick.
5:28 of 2nd period - Henrik Sedin wins face-off versus Jordan Nolan in Lightning zone.
5:53 of 2nd period - Henrik Sedin is hit by Jeff Schultz and loses puck.
6:43 of 2nd period - Nate Prosser is hit by Jeff Schultz and loses puck.
7:10 of 2nd period - Penalty to Jason Demers is over, Jason Demers is back on ice.
7:14 of 2nd period - Wrist shot by Jason Demers.
7:14 of 2nd period - Shot Misses the Net.
7:27 of 2nd period - Penalty to Henrik Zetterberg is over, Henrik Zetterberg is back on ice.
7:34 of 2nd period - Snap shot by Henrik Sedin.
7:34 of 2nd period - Shot Misses the Net.
7:36 of 2nd period - Slapshot by Henrik Sedin.
7:36 of 2nd period - Stopped by Jaroslav Halak without a rebound.
7:37 of 2nd period - Dave Bolland wins face-off versus Pierre-Marc Bouchard in Lightning zone.
8:04 of 2nd period - Andrew Alberts is hit by Henrik Zetterberg and loses puck.
8:19 of 2nd period - Justin Schultz is hit by Nikolai Zherdev and loses puck.
8:46 of 2nd period - Snap shot by Daniel Carcillo.
8:46 of 2nd period - Stopped by Kevin Poulin with a rebound.
9:17 of 2nd period - Icing by Jason Demers.
9:18 of 2nd period - Mike Fisher wins face-off versus Henrik Zetterberg in Bruins zone.
9:31 of 2nd period - Shane O'Brien is hit by Jeff Schultz.
9:37 of 2nd period - Wrist shot by Rene Bourque.
9:37 of 2nd period - Shot Blocked by Pierre-Marc Bouchard.
9:53 of 2nd period - Steve Bernier is hit by Rene Bourque and loses puck.
10:12 of 2nd period - Wrist shot by Daniel Carcillo.
10:12 of 2nd period - Shot Blocked by Shane O'Brien.
10:16 of 2nd period - Snap shot by Daniel Carcillo.
10:16 of 2nd period - Shot Misses the Net.
10:18 of 2nd period - Snap shot by Pierre-Marc Bouchard.
10:18 of 2nd period - Stopped by Kevin Poulin without a rebound.
10:19 of 2nd period - Robert Nilsson wins face-off versus Henrik Sedin in Bruins zone.
10:28 of 2nd period - Snap shot by Henrik Zetterberg.
10:28 of 2nd period - Stopped by Kevin Poulin with a rebound.
11:10 of 2nd period - Slapshot by Zack Hamill.
11:10 of 2nd period - Stopped by Jaroslav Halak with a rebound.
11:12 of 2nd period - Snap shot by Nick Foligno.
11:12 of 2nd period - Shot Misses the Net.
11:14 of 2nd period - Wrist shot by Nikolai Zherdev.
11:14 of 2nd period - Stopped by Jaroslav Halak without a rebound.
11:15 of 2nd period - Pierre-Marc Bouchard wins face-off versus Henrik Sedin in Lightning zone.
11:22 of 2nd period - Snap shot by Henrik Sedin.
11:22 of 2nd period - Stopped by Jaroslav Halak without a rebound.
11:23 of 2nd period - Henrik Sedin wins face-off versus Pierre-Marc Bouchard in Lightning zone.
11:50 of 2nd period - Snap shot by Robert Nilsson.
11:50 of 2nd period - Deflect By Kris Versteeg.
11:50 of 2nd period - Stopped by Kevin Poulin with a rebound.
12:10 of 2nd period - Slapshot by Brent Burns.
12:10 of 2nd period - Stopped by Kevin Poulin without a rebound.
12:11 of 2nd period - Mike Fisher wins face-off versus Jordan Nolan in Bruins zone.
12:24 of 2nd period - Slapshot by Kris Chucko.
12:24 of 2nd period - Shot Blocked by John Carlson.
12:26 of 2nd period - Slapshot by Cam Fowler.
12:26 of 2nd period - Stopped by Jaroslav Halak without a rebound.
12:27 of 2nd period - Robert Nilsson wins face-off versus Henrik Sedin in Lightning zone.
12:36 of 2nd period - Slapshot by John Carlson.
12:36 of 2nd period - Stopped by Kevin Poulin without a rebound.
12:37 of 2nd period - Henrik Sedin wins face-off versus Robert Nilsson in Bruins zone.
12:42 of 2nd period - Slapshot by Jason Demers.
12:42 of 2nd period - Stopped by Jaroslav Halak without a rebound.
12:43 of 2nd period - Robert Nilsson wins face-off versus Wojtek Wolski in Lightning zone.
12:50 of 2nd period - Robert Nilsson is hit by Nathan Horton and loses puck.
13:34 of 2nd period - Wrist shot by Jordan Nolan.
13:34 of 2nd period - Stopped by Kevin Poulin without a rebound.
13:35 of 2nd period - Jordan Nolan wins face-off versus Henrik Sedin in Bruins zone.
13:36 of 2nd period - Wrist shot by Loui Eriksson.
13:36 of 2nd period - Stopped by Kevin Poulin with a rebound.
13:46 of 2nd period - Nathan Horton is hit by Steve McCarthy and loses puck.
14:09 of 2nd period - Slapshot by Kris Versteeg.
14:09 of 2nd period - Shot Blocked by Andrew Alberts.
14:11 of 2nd period - Wrist shot by Henrik Zetterberg.
14:11 of 2nd period - Stopped by Kevin Poulin with a rebound.
14:15 of 2nd period - Snap shot by Henrik Zetterberg.
14:15 of 2nd period - Shot Misses the Net.
14:27 of 2nd period - Slapshot by Pierre-Marc Bouchard.
14:27 of 2nd period - Deflect By Daniel Carcillo.
14:27 of 2nd period - Shot Misses the Net.
14:27 of 2nd period - Puck is out of play.
14:28 of 2nd period - Pierre-Marc Bouchard wins face-off versus Wojtek Wolski in Bruins zone.
14:37 of 2nd period - Wrist shot by Wojtek Wolski.
14:37 of 2nd period - Shot Blocked by Jeff Schultz.
14:39 of 2nd period - Wrist shot by Shane O'Brien.
14:39 of 2nd period - Deflect By Nathan Horton.
14:39 of 2nd period - Shot Misses the Net.
14:39 of 2nd period - Puck is out of play.
14:40 of 2nd period - Nathan Horton wins face-off versus Robert Nilsson in Lightning zone.
15:08 of 2nd period - Double Minor Penalty to Daniel Carcillo for Slashing.
15:09 of 2nd period - Henrik Zetterberg wins face-off versus Henrik Sedin in Lightning zone.
15:54 of 2nd period - Jason Demers is hit by Andy Rogers and loses puck.
16:28 of 2nd period - Off-side.
16:29 of 2nd period - Sheldon Keefe wins face-off versus Dave Bolland in neutral zone.
19:08 of 2nd period - Penalty to Daniel Carcillo is over, Daniel Carcillo is back on ice.
Goals for this period are 0 for Lightning vs 1 for Bruins.
Shots for this period are 10 for Lightning vs 12 for Bruins.
3rd period
0:01 of 3rd period - Henrik Sedin wins face-off versus Robert Nilsson in neutral zone.
0:06 of 3rd period - Snap shot by Wojtek Wolski.
0:06 of 3rd period - Deflect By Henrik Sedin.
0:06 of 3rd period - Stopped by Jaroslav Halak with a rebound.
0:14 of 3rd period - Slapshot by Brent Burns.
0:14 of 3rd period - Deflect By Wojtek Wolski.
0:14 of 3rd period - Stopped by Kevin Poulin with a rebound.
0:16 of 3rd period - Slapshot by Jeff Schultz.
0:16 of 3rd period - Shot Blocked by Jason Demers.
0:26 of 3rd period - Viktor Stalberg is hit by Daniel Carcillo and loses puck.
0:31 of 3rd period - Wrist shot by Pierre-Marc Bouchard.
0:31 of 3rd period - Shot Misses the Net.
0:49 of 3rd period - Snap shot by Zack Hamill.
0:49 of 3rd period - Stopped by Jaroslav Halak without a rebound.
0:50 of 3rd period - Zack Hamill wins face-off versus Robert Nilsson in Lightning zone.
1:08 of 3rd period - Minor Penalty to Henrik Zetterberg for Hooking.
1:09 of 3rd period - Sheldon Keefe wins face-off versus Henrik Sedin in Lightning zone.
1:19 of 3rd period - Brent Burns is hit by Nathan Horton and loses puck.
1:45 of 3rd period - Robert Nilsson is hit by Kevin Bieksa and loses puck.
3:08 of 3rd period - Penalty to Henrik Zetterberg is over, Henrik Zetterberg is back on ice.
3:22 of 3rd period - Snap shot by Justin Schultz.
3:22 of 3rd period - Shot Misses the Net.
3:24 of 3rd period - Slapshot by Steve McCarthy.
3:24 of 3rd period - Deflect By Kris Chucko.
3:24 of 3rd period - Stopped by Kevin Poulin with a rebound.
3:36 of 3rd period - Slapshot by Jason Demers.
3:36 of 3rd period - Stopped by Jaroslav Halak with a rebound.
3:38 of 3rd period - Snap shot by Nikolai Zherdev.
3:38 of 3rd period - Stopped by Jaroslav Halak without a rebound.
3:39 of 3rd period - Robert Nilsson wins face-off versus Zack Hamill in Lightning zone.
3:46 of 3rd period - Wrist shot by Kris Versteeg.
3:46 of 3rd period - Stopped by Kevin Poulin with a rebound.
3:48 of 3rd period - Snap shot by Robert Nilsson.
3:48 of 3rd period - Stopped by Kevin Poulin without a rebound.
3:49 of 3rd period - Henrik Sedin wins face-off versus Robert Nilsson in Bruins zone.
4:05 of 3rd period - Minor Penalty to Nathan Horton for Hooking.
4:06 of 3rd period - Robert Nilsson wins face-off versus Henrik Sedin in Bruins zone.
5:21 of 3rd period - Daniel Carcillo is hit by Shane O'Brien and loses puck.
6:05 of 3rd period - Penalty to Nathan Horton is over, Nathan Horton is back on ice.
6:16 of 3rd period - Wrist shot by Jordan Nolan.
6:16 of 3rd period - Stopped by Kevin Poulin without a rebound.
6:17 of 3rd period - Jordan Nolan wins face-off versus Dave Bolland in Bruins zone.
7:01 of 3rd period - Wrist shot by Zack Hamill.
7:01 of 3rd period - Shot Blocked by Justin Schultz.
7:03 of 3rd period - Slapshot by Andrew Alberts.
7:03 of 3rd period - Stopped by Jaroslav Halak without a rebound.
7:04 of 3rd period - Zack Hamill wins face-off versus Pierre-Marc Bouchard in Lightning zone.
7:15 of 3rd period - Backhand shot by Brent Burns.
7:15 of 3rd period - Stopped by Kevin Poulin with a rebound.
7:31 of 3rd period - Jordan Nolan is hit by Henrik Sedin and loses puck.
7:52 of 3rd period - Kris Versteeg is hit by Jason Demers.
8:12 of 3rd period - Steve Bernier is hit by Jason Demers and loses puck.
8:19 of 3rd period - Slapshot by Rene Bourque.
8:19 of 3rd period - Stopped by Jaroslav Halak with a rebound.
8:21 of 3rd period - Wrist shot by Rene Bourque.
8:21 of 3rd period - Stopped by Jaroslav Halak with a rebound.
8:23 of 3rd period - Wrist shot by Kris Chucko.
8:23 of 3rd period - Stopped by Jaroslav Halak without a rebound.
8:24 of 3rd period - Henrik Sedin wins face-off versus Robert Nilsson in Lightning zone.
8:25 of 3rd period - Wrist shot by Nathan Horton.
8:25 of 3rd period - Stopped by Jaroslav Halak with a rebound.
8:27 of 3rd period - Minor Penalty to Henrik Zetterberg for Interference.
8:28 of 3rd period - Sheldon Keefe wins face-off versus Nathan Horton in Lightning zone.
8:37 of 3rd period - Kevin Bieksa is hit by Brent Burns and loses puck.
8:44 of 3rd period - Slapshot by Jason Demers.
8:44 of 3rd period - Shot Misses the Net.
9:24 of 3rd period - Shane O'Brien is hit by Sheldon Keefe.
9:53 of 3rd period - Jason Demers is hit by Sheldon Keefe.
10:27 of 3rd period - Penalty to Henrik Zetterberg is over, Henrik Zetterberg is back on ice.
10:47 of 3rd period - Wrist shot by Pierre-Marc Bouchard.
10:47 of 3rd period - Goal by Pierre-Marc Bouchard - Lightning : 1 - Bruins : 1.
10:48 of 3rd period - Dave Bolland wins face-off versus Robert Nilsson in neutral zone.
10:51 of 3rd period - Slapshot by Andrew Alberts.
10:51 of 3rd period - Stopped by Jaroslav Halak with a rebound.
11:01 of 3rd period - Snap shot by Kris Versteeg.
11:01 of 3rd period - Stopped by Kevin Poulin with a rebound.
11:24 of 3rd period - Slapshot by Pierre-Marc Bouchard.
11:24 of 3rd period - Shot Misses the Net.
11:33 of 3rd period - Minor Penalty to Jordan Nolan for Hooking.
11:34 of 3rd period - Henrik Zetterberg wins face-off versus Henrik Sedin in Lightning zone.
13:33 of 3rd period - Penalty to Jordan Nolan is over, Jordan Nolan is back on ice.
13:43 of 3rd period - Slapshot by Kris Versteeg.
13:43 of 3rd period - Stopped by Kevin Poulin without a rebound.
13:44 of 3rd period - Mike Fisher wins face-off versus Jordan Nolan in Bruins zone.
13:44 of 3rd period - Mike Fisher is hit by Sheldon Keefe.
13:57 of 3rd period - Snap shot by Loui Eriksson.
13:57 of 3rd period - Stopped by Kevin Poulin without a rebound.
13:58 of 3rd period - Henrik Sedin wins face-off versus Robert Nilsson in Bruins zone.
14:44 of 3rd period - Jason Demers is hit by Jeff Schultz and loses puck.
14:53 of 3rd period - Steve McCarthy is hit by Rene Bourque and loses puck.
15:12 of 3rd period - Nathan Horton is hit by Kris Versteeg and loses puck.
15:39 of 3rd period - Robert Nilsson is hit by Victor Oreskovich and loses puck.
16:02 of 3rd period - Andrew Alberts is hit by Steve Bernier and loses puck.
16:15 of 3rd period - Slapshot by Jeff Schultz.
16:15 of 3rd period - Shot Blocked by Cam Fowler.
16:34 of 3rd period - Andrew Alberts is hit by John Carlson and loses puck.
16:57 of 3rd period - Minor Penalty to Dave Bolland for High sticking.
16:58 of 3rd period - Robert Nilsson wins face-off versus Henrik Sedin in Bruins zone.
17:05 of 3rd period - Wrist shot by Henrik Zetterberg.
17:05 of 3rd period - Stopped by Kevin Poulin without a rebound.
17:06 of 3rd period - Henrik Sedin wins face-off versus Robert Nilsson in Bruins zone.
17:27 of 3rd period - Icing by Kris Versteeg.
17:28 of 3rd period - Henrik Sedin wins face-off versus Robert Nilsson in Lightning zone.
18:01 of 3rd period - Snap shot by Henrik Zetterberg.
18:01 of 3rd period - Stopped by Kevin Poulin without a rebound.
18:02 of 3rd period - Pierre-Marc Bouchard wins face-off versus Henrik Sedin in Bruins zone.
18:57 of 3rd period - Penalty to Dave Bolland is over, Dave Bolland is back on ice.
Goals for this period are 1 for Lightning vs 0 for Bruins.
Shots for this period are 12 for Lightning vs 10 for Bruins.
Overtime #1
0:01 of 1st overtime period - Henrik Sedin wins face-off versus Henrik Zetterberg in neutral zone.
0:49 of 1st overtime period - Wrist shot by Pierre-Marc Bouchard.
0:49 of 1st overtime period - Shot Blocked by Victor Oreskovich.
1:09 of 1st overtime period - Henrik Zetterberg is hit by Henrik Sedin and loses puck.
1:34 of 1st overtime period - Snap shot by Jordan Nolan.
1:34 of 1st overtime period - Stopped by Kevin Poulin without a rebound.
1:35 of 1st overtime period - Viktor Stalberg wins face-off versus Jordan Nolan in Bruins zone.
1:50 of 1st overtime period - Viktor Stalberg is hit by Loui Eriksson and loses puck.
2:11 of 1st overtime period - Slapshot by Brent Burns.
2:11 of 1st overtime period - Shot Blocked by Shane O'Brien.
2:13 of 1st overtime period - Snap shot by John Carlson.
2:13 of 1st overtime period - Shot Blocked by Shane O'Brien.
2:17 of 1st overtime period - Wrist shot by John Carlson.
2:17 of 1st overtime period - Stopped by Kevin Poulin without a rebound.
2:18 of 1st overtime period - Henrik Zetterberg wins face-off versus Henrik Sedin in Bruins zone.
2:25 of 1st overtime period - Robert Nilsson is hit by Wojtek Wolski and loses puck.
2:34 of 1st overtime period - Slapshot by Henrik Sedin.
2:34 of 1st overtime period - Goal by Henrik Sedin - Lightning : 1 - Bruins : 2.
Goals for this period are 0 for Lightning vs 1 for Bruins.
Shots for this period are 2 for Lightning vs 1 for Bruins.
Back to the Top